 Dungeon Crawl Stone Soup version 0.31.0 (webtiles) character file.

Game seed: 7352373827219967794

771 qw the Skirmisher (level 7, 0/43 HPs)
             Began as a Gargoyle Hunter on Jan 19, 2024.
             Slain by a hornet (10 damage)
             ... on level 4 of the Dungeon.
             The game lasted 00:00:13 (2528 turns).

qw the Skirmisher (Gargoyle Hunter)                 Turns: 2528, Time: 00:00:13

Health: 0/43       AC: 15    Str: 15    XL:     7   Next: 83%
Magic:  7/7        EV: 11    Int: 12    God:
Gold:   203        SH:  0    Dex: 15    Spells: 6/6 levels left

rFire   . . .        a - +1 shortbow
rCold   . . .        (shield currently unavailable)
rNeg    + . .        d - +0 ring mail
rPois   inf          n - +2 helmet {Int+3}
rElec   +            (no cloak)
rCorr   .            c - +0 pair of gloves
SInv    .            k - +0 pair of boots
Will    +....        e - amulet of regeneration
Stlth   +            g - ring of willpower
HPRegen 1.07/turn    (no ring)
MPRegen 0.10/turn

%: no passive effects
@: no status effects
A: sickness immunity, AC +4, negative energy resistance 1, electricity
resistance, torment resistance 1, petrification resistance, MP-powered wands
a: no special abilities


You were on level 4 of the Dungeon.
You visited 1 branch of the dungeon, and saw 4 of its levels.

You collected 203 gold pieces.


Innate Abilities, Weirdness & Mutations

You are immune to sickness and miasma.
Your stone body is resilient. (AC +4)
You are immune to poison.
You resist negative energy. (rN+)
You are resistant to electric shocks. (rElec)
You are resistant to unholy torment.
You are immune to petrification.
You expend magic power (3 MP) to strengthen your wands.


   Skills:
 + Level 4.1 Fighting
 - Level 8.4 Ranged Weapons
 - Level 2.3 Armour
 - Level 1.5 Dodging
 - Level 1.1 Stealth


You had 6 spell levels left.
You didn't know any spells.
Your spell library was empty.

Inventory:

Hand Weapons
 a - a +1 shortbow (weapon)
Armour
 c - a +0 pair of gloves (worn)
 d - a +0 ring mail (worn)
 k - a +0 pair of boots (worn)
 n - a +2 helmet of intelligence (worn)
Jewellery
 e - an amulet of regeneration (around neck)
 g - a ring of willpower (left hand)
Potions
 b - 2 potions of enlightenment {unknown}
 f - a potion of haste
 h - 2 potions of mutation
 j - a potion of cancellation
 l - 2 potions of curing {unknown}
 p - a potion of degeneration {unknown}

Dungeon Overview and Level Annotations

Branches:
Dungeon (4/15)
 Temple: D:4-7

Altars:
Cheibriados
Dithmenos
Sif Muna


Message History

The hornet stings you but does no damage. x2
You shoot an arrow. The arrow completely misses the hornet.
The hornet stings you!
You shoot an arrow. The arrow closely misses the hornet.
The hornet stings you.
The hornet stings you but does no damage.
You shoot an arrow. The arrow hits the hornet.
The hornet is moderately wounded.
The hornet misses you. The hornet stings you!
You shoot an arrow. The arrow hits the hornet.
The hornet is heavily wounded.
The hornet stings you but does no damage. x2
You shoot an arrow. The arrow hits the hornet.
The hornet is severely wounded.
The hornet closely misses you.
You shoot an arrow.
The arrow hits the hornet but does no damage.
The hornet is severely wounded.
The hornet stings you but does no damage.
The hornet closely misses you.
You shoot an arrow. The arrow barely misses the hornet.
The hornet misses you.
You shoot an arrow. The arrow closely misses the hornet.
The hornet stings you but does no damage.
The hornet closely misses you.
You shoot an arrow. The arrow closely misses the hornet.
The hornet closely misses you. The hornet stings you!
You shoot an arrow.
The arrow hits the hornet but does no damage.
The hornet is heavily wounded.
The hornet closely misses you.
You shoot an arrow. The arrow barely misses the hornet.
The hornet stings you. The hornet closely misses you.
You shoot an arrow. The arrow misses the hornet.
The hornet barely misses you.
You shoot an arrow. The arrow hits the hornet!
The hornet is almost dead.
The hornet stings you but does no damage.
The hornet stings you!
You die...

## # #...## #.
..###### #....#
#.#........ #....#
#.##.#####. #..#.#
#.##.# #. #..#.#
#.##.# #. #..#.#
#.##.# #.
#..#.#####.##.### #.
#..@.....<..%...# #.
#..y.......##.#.###.
##.#.##.......%.....
...#.......####...%.
#.#<#####..## #####.
#.#. #..# #. # #.
#..# #. .. ...# #.
....# #)


You could see a hornet.

Vanquished Creatures
  Pikel (D:4)
  A black bear (D:4)
  A lemure (D:4)
  A hound (D:4)
  A jelly (D:4)
  Robin (D:2)
  5 adders
  A ribbon worm (D:3)
  2 dart slugs
  6 orcs (D:3)
  7 ball pythons
  10 bats
  6 endoplasms
  2 giant cockroaches
  11 goblins
  11 hobgoblins
  3 jackals (D:2)
  7 kobolds
  2 quokkas (D:2)
  3 frilled lizards
  3 rats
85 creatures vanquished.

Notes
Turn   | Place    | Note
-------+----------+-------------------------------------------
     0 | D:1      | qw the Gargoyle Hunter began the quest for the Orb.
     0 | D:1      | Reached XP level 1. HP: 12/12 MP: 1/1
     0 | D:1      | 0 ||| qw: Version: 0.3-a-132-g3d54051
     0 | D:1      | 0 ||| qw: Game counter: 270
     0 | D:1      | 0 ||| qw: Melee chars always use a shield: true
     0 | D:1      | 0 ||| qw: God list: Okawaru
     0 | D:1      | 0 ||| qw: Allow faded altars: false
     0 | D:1      | 0 ||| qw: Do Orc after clearing Dungeon:15 true
     0 | D:1      | 0 ||| qw: Do second Lair branch before Depths: true
     0 | D:1      | 0 ||| qw: Lair rune preference: random
     0 | D:1      | 0 ||| qw: Goals: Normal
     0 | D:1      | 0 ||| PLANNING D:1-11
   253 | D:1      | Reached XP level 2. HP: 17/17 MP: 2/2
   499 | D:1      | 499 ||| UPGRADING to +0 ring mail.
   509 | D:1      | 509 ||| DROPPING +0 leather armour.
   510 | D:1      | 510 ||| UPGRADING to +0 pair of boots.
   515 | D:1      | 515 ||| UPGRADING to amulet of regeneration.
   520 | D:1      | 520 ||| UPGRADING to ring of willpower.
   521 | D:1      | 521 ||| READING 2 scrolls labelled CIPRED TAERCHYT.
   522 | D:1      | 522 ||| DRINKING 2 smoky silvery potions.
   522 | D:1      | Gained mutation: You expend magic power (3 MP) to
                  | strengthen your wands. [potion of mutation]
   523 | D:1      | 523 ||| DRINKING 3 cyan potions.
   628 | D:1      | 628 ||| DROPPING scroll of butterflies.
   629 | D:1      | 629 ||| DROPPING scroll of poison.
   630 | D:1      | 630 ||| DROPPING 2 potions of berserk rage.
   716 | D:2      | Reached skill level 1 in Armour
   741 | D:2      | Reached XP level 3. HP: 21/21 MP: 3/3
  1145 | D:2      | Reached skill level 5 in Ranged Weapons
  1235 | D:2      | Noticed Robin
  1254 | D:2      | Killed Robin
  1255 | D:2      | Reached skill level 3 in Fighting
  1255 | D:2      | Reached XP level 4. HP: 17/28 MP: 4/4
  1256 | D:2      | 1256 ||| FLEEEEING.
  1445 | D:2      | 1445 ||| UPGRADING to +2 helmet of intelligence.
  1450 | D:2      | 1450 ||| READING 2 scrolls labelled QEOCOZXINU.
  1450 | D:2      | 1450 ||| IDENTIFYING glowing white potion
  1451 | D:2      | 1451 ||| READING scroll of identify.
  1451 | D:2      | 1451 ||| IDENTIFYING orange potion
  1452 | D:2      | 1452 ||| READING scroll labelled JUREAW ENYNAR.
  1553 | D:2      | 1553 ||| READING scroll labelled ZUSING MYABB.
  1554 | D:2      | 1554 ||| FLEEEEING.
  1558 | D:2      | 1558 ||| READING scroll labelled HIHUECINTU.
  1559 | D:2      | 1559 ||| DRINKING 2 fuming amethyst potions.
  1560 | D:2      | 1560 ||| DROPPING potion of lignification.
  1692 | D:3      | Found a snail-covered altar of Cheibriados.
  1849 | D:3      | Reached XP level 5. HP: 32/32 MP: 5/5
  2125 | D:3      | Found a shimmering blue altar of Sif Muna.
  2152 | D:3      | 2152 ||| UPGRADING to +0 pair of gloves.
  2157 | D:3      | 2157 ||| DROPPING amulet of guardian spirit.
  2158 | D:3      | 2158 ||| READING scroll labelled BEKEARR ERGHAA.
  2159 | D:3      | 2159 ||| READING scroll labelled YNUMOURRISCH.
  2190 | D:4      | Found a shadowy altar of Dithmenos.
  2211 | D:4      | Noticed a lemure
  2213 | D:4      | Noticed Pikel
  2214 | D:4      | 2214 ||| RETREEEEATING.
  2220 | D:4      | Noticed a lemure
  2221 | D:4      | 2221 ||| RETREEEEATING.
  2225 | D:4      | Killed a lemure
  2227 | D:4      | Noticed a lemure
  2244 | D:4      | HP: 4/32 [Pikel/+2 whip of flaming (7)]
  2250 | D:4      | Killed Pikel
  2251 | D:4      | Reached skill level 8 in Ranged Weapons
  2251 | D:4      | Reached XP level 6. HP: 8/37 MP: 6/6
  2251 | D:4      | Reached XP level 7. HP: 9/41 MP: 7/7
  2251 | D:4      | 2251 ||| FLEEEEING.
  2252 | D:4      | 2252 ||| FLEEEEING.
  2253 | D:4      | 2253 ||| FLEEEEING.
  2254 | D:4      | 2254 ||| FLEEEEING.
  2256 | D:4      | 2256 ||| FLEEEEING.
  2257 | D:4      | 2257 ||| FLEEEEING.
  2258 | D:4      | 2258 ||| FLEEEEING.
  2259 | D:4      | 2259 ||| FLEEEEING.
  2260 | D:4      | 2260 ||| FLEEEEING.
  2262 | D:4      | 2262 ||| FLEEEEING.
  2263 | D:4      | 2263 ||| FLEEEEING.
  2264 | D:4      | 2264 ||| FLEEEEING.
  2265 | D:4      | 2265 ||| STAIRDANCE
  2281 | D:3      | 2281 ||| READING scroll labelled SIUVOE ZECAA.
  2281 | D:3      | 2281 ||| ENCHANTING +0 shortbow.
  2490 | D:4      | 2490 ||| FLEEEEING.
  2505 | D:4      | Noticed a hornet
  2518 | D:4      | HP: 8/43 [hornet (10)]
  2524 | D:4      | HP: 7/43 [hornet (7)]
  2528 | D:4      | Slain by a hornet

Levels and vault maps discovered:
D:1:      tarquinn_simple_flora_water_a, layout_basic
D:2:      layout_basic, st_stairs_4, supply_closet_lemuel, minmay_pentomino_x2,
          uniq_robin
D:3:      layout_basic, hellmonk_sif_muna_bookshelves, overflow_temple_1_default
D:4:      layout_loops_ring, overflow_temple_1_default,
          nicolae_hepliaklqana_hazy_memory, uniq_sigmund, uniq_pikel

Skill      XL: |  1  2  3  4  5  6  7 |
---------------+----------------------+-----
Armour         | 1 2 |  2.3
Ranged Weapons | 5 8 |  8.4
Fighting       | 3 4 |  4.1
Dodging        | |  1.5
Stealth        | |  1.1

Action                     |  1- 3 |  4- 6 |  7- 9 || total
---------------------------+-------+-------+-------++-------
   Fire: Shortbow          |   119 |   157 |    65 ||   341
    Use: Potion            |     2 |     1 |       ||     3
         Scroll            |     1 |     7 |     1 ||     9
 Armour: Ring mail         |    45 |    75 |    36 ||   156
         Leather armour    |     5 |       |       ||     5
  Dodge: Dodged            |    37 |    65 |    41 ||   143

Table legend:
 A = Non-vault XP
 B = Vault XP
 C = Vault XP percentage of total XP
 D = Non-vault monster count
 E = Vault monster count
 F = Vault count percentage of total count
                 A         B        C        D         E       F
            +---------+---------+-------+---------+---------+-------
      Total |     400 |     702 |  63.7 |      69 |      15 |  17.9
            +---------+---------+-------+---------+---------+-------
        D:1 |      21 |       0 |   0.0 |      12 |       0 |   0.0
        D:2 |      44 |      39 |  47.0 |      19 |      14 |  42.4
        D:3 |      74 |       0 |   0.0 |      23 |       0 |   0.0
        D:4 |     261 |     663 |  71.8 |      15 |       1 |   6.2
            +---------+---------+-------+---------+---------+-------
